Tucson Roadrunners vs Quebec Remparts
Created - Friday, June 6, 2025 at 08:35
Goals
|
| Tucson Roadrunners |
1 |
2 |
2 |
5 |
| Quebec Remparts |
0 |
2 |
0 |
2 |
|
Shots
|
| Tucson Roadrunners |
11 |
11 |
13 |
35 |
| Quebec Remparts |
14 |
16 |
8 |
38 |
|
1st period
1. Tucson Roadrunners , Steven Lorentz 2 (Walker Duehr 2) at 19:50
Penalties :
Dysin Mayo (QUE) for Hooking (Minor) at 1:18, Brandt Clarke (QUE) for Hooking (Minor) at 12:05
2nd period
2. Tucson Roadrunners , Walker Duehr 2 (Maksymilian Szuber 1, Steven Lorentz 1) at 4:26
3. Quebec Remparts , Kevin Rooney 1 (Paul Cotter 2, Jordan Spence 1) at 11:02
4. Tucson Roadrunners , Tyson Barrie 1 (Walker Duehr 3) at 12:42 (PP)
5. Quebec Remparts , Joshua Roy 1 (Kevin Rooney 3) at 17:51 (PP)
Penalties :
Brandt Clarke (QUE) for Interference (Minor) at 7:40, Thomas Bordeleau (QUE) for Cross-checking (Minor) at 12:04, Tyson Barrie (TRR) for Tripping (Minor) at 14:30, Steven Lorentz (TRR) for Hooking (Minor) at 17:47, Ethan Del Mastro (QUE) for Hooking (Minor) at 18:54
3rd period
6. Tucson Roadrunners , Ondrej Pavel 1 (Johnathan Kovacevic 4, Zach Dean 1) at 10:59
7. Tucson Roadrunners , Brock McGinn 4 (Anthony Richard 3, Tyson Barrie 3) at 11:15
Penalties :
Owen Sillinger (TRR) for Tripping (Minor) at 1:10, Jakub Demek (QUE) for Tripping (Minor) at 14:39
Goalie Stats
Hunter Shepard (TRR), 36 saves from 38 shots - (0.947), W, 3-0-0, 60:00 minutes
Devon Levi (QUE), 30 saves from 35 shots - (0.857), L, 0-3-0, 60:00 minutes
Players Stats for Tucson Roadrunners
Player Name G A P +/- PIM S H SB GA TA FO MP PP MP PK MP
------------------------------------------------------------------------------------
0 0 0 0 0 0 0 0 0 0 0/0 0:00 0:00 0:00
Anthony Richard 0 1 1 1 0 1 0 1 1 0 14/27 19:47 5:27 1:58
Ben Jones 0 0 0 -1 0 3 1 1 1 0 1/1 14:32 0:00 0:00
Brock McGinn 1 0 1 1 0 5 2 1 3 0 2/5 22:28 5:17 1:55
Gage Goncalves 0 0 0 -1 0 1 0 0 0 0 1/7 14:43 0:00 0:00
Johnathan Kovacevic 0 1 1 2 0 3 1 0 0 0 0/0 25:20 5:23 2:00
Maksymilian Szuber 0 1 1 0 0 1 1 1 0 0 0/0 12:25 0:00 0:00
Maxwell Crozier 0 0 0 1 0 2 1 1 1 1 0/0 21:56 5:10 2:02
Mike Hardman 0 0 0 2 0 3 3 0 0 0 1/1 17:48 5:06 0:07
Ondrej Pavel 1 0 1 1 0 1 0 0 0 0 0/0 5:45 0:00 0:00
Owen Sillinger 0 0 0 -1 2 1 1 0 0 0 0/0 14:32 0:00 0:00
Robert Hagg 0 0 0 1 0 1 2 2 0 0 0/0 22:15 5:10 2:02
Sheldon Dries 0 0 0 1 0 1 1 1 0 0 1/3 20:02 5:27 2:02
Steven Lorentz 1 1 2 2 2 3 3 1 0 0 1/2 17:39 5:06 0:00
Tanner Dickinson 0 0 0 1 0 0 0 0 0 0 0/0 2:51 0:10 0:00
Topias Vilen 0 0 0 0 0 0 1 0 0 1 0/0 14:00 0:00 1:16
Tyson Barrie 1 1 2 2 2 5 1 2 1 0 0/0 24:14 5:23 0:44
Walker Duehr 1 2 3 2 0 4 1 0 0 0 2/12 19:53 5:06 2:02
Zach Dean 0 1 1 1 0 0 1 0 0 1 1/3 5:45 0:00 0:00
Players Stats for Quebec Remparts
Player Name G A P +/- PIM S H SB GA TA FO MP PP MP PK MP
------------------------------------------------------------------------------------
0 0 0 0 0 0 0 0 0 0 0/0 0:00 0:00 0:00
Adam Edstrom 0 0 0 -1 0 1 3 0 0 0 0/1 14:16 2:02 0:00
Avery Hayes 0 0 0 -1 0 0 0 0 0 0 0/0 7:02 0:00 0:00
Brandt Clarke 0 0 0 -1 4 1 1 5 0 0 0/0 24:20 1:52 3:17
Dysin Mayo 0 0 0 0 2 1 0 0 0 0 0/0 12:05 0:00 0:00
Ethan Del Mastro 0 0 0 -2 2 1 0 1 0 1 0/0 21:22 2:10 5:00
Ethan Samson 0 0 0 1 0 0 1 0 0 0 0/0 15:39 0:00 2:16
Hendrix Lapierre 0 0 0 0 0 5 1 0 1 0 8/8 12:36 0:00 0:00
Ivan Ivan 0 0 0 -1 0 1 1 0 0 0 4/6 7:42 0:00 0:40
Jakub Demek 0 0 0 0 2 2 0 0 0 0 0/0 12:58 0:00 0:00
Jared Davidson 0 0 0 0 0 0 0 0 0 0 0/0 2:12 0:00 0:00
Jordan Spence 0 1 1 -1 0 2 3 2 0 2 0/0 26:10 1:52 5:06
Joshua Roy 1 0 1 -1 0 1 0 0 1 0 0/0 14:16 2:02 0:00
Kevin Rooney 1 1 2 0 0 6 1 0 0 0 11/15 21:17 2:02 5:09
Paul Cotter 0 1 1 -1 0 5 3 1 0 1 4/10 20:41 2:00 5:09
Rasmus Kupari 0 0 0 0 0 4 3 1 0 0 0/0 12:36 0:00 0:00
Ryan Shea 0 0 0 -2 0 3 0 1 0 2 0/0 21:50 2:10 5:27
Thomas Bordeleau 0 0 0 -3 2 4 2 0 0 1 9/20 23:23 2:00 4:53
Zach Benson 0 0 0 -2 0 1 2 1 1 0 1/1 18:56 2:00 5:15
3 Stars
1 - Walker Duehr (TRR)
2 - Steven Lorentz (TRR)
3 - Tyson Barrie (TRR)
Power Play
Tucson Roadrunners - 1 on 6 Attempt(s) - 16.67%
Quebec Remparts - 1 on 3 Attempt(s) - 33.33%
Penalty Kill
Tucson Roadrunners - 2 on 3 Attempt(s) - 66.67%
- Score 0 goal in Penalty Kill
Quebec Remparts - 5 on 6 Attempt(s) - 83.33%
- Score 0 goal in Penalty Kill
Team Stat
Tucson Roadrunners - Hits : 20 - Faceoff Wins : 24 - Blocked Shots : 11 - Penalty Minutes : 6
Quebec Remparts - Hits : 21 - Faceoff Wins : 37 - Blocked Shots : 12 - Penalty Minutes : 12
Official
Referees : Pierre Lambert and Dan O'Rourke
Linesman : Ryan Galloway and Libor Suchanek
Game Notes
No Game Note
Tucson Roadrunners
5 vs 5 Forward
Center Left Wing Right Wing Time % Phy DF OF
1 Anthony Richard Brock McGinn Sheldon Dries 30 1 2 2
2 Walker Duehr Steven Lorentz Mike Hardman 30 1 2 2
3 Gage Goncalves Owen Sillinger Ben Jones 25 1 2 2
4 Zach Dean Ondrej Pavel Brock McGinn 15 1 2 2
5 vs 5 Defense
Defense Defense Time % Phy DF OF
1 Johnathan Kovacevic Tyson Barrie 30 1 2 2
2 Robert Hagg Maxwell Crozier 30 1 2 2
3 Maksymilian Szuber Topias Vilen 25 1 2 2
4 Johnathan Kovacevic Tyson Barrie 15 1 2 2
PowerPlay Forward
Center Left Wing Right Wing Time % Phy DF OF
1 Anthony Richard Brock McGinn Sheldon Dries 50 1 2 2
2 Walker Duehr Steven Lorentz Mike Hardman 50 1 2 2
PowerPlay Defense
Defense Defense Time % Phy DF OF
1 Johnathan Kovacevic Tyson Barrie 50 1 2 2
2 Robert Hagg Maxwell Crozier 50 1 2 2
Penalty Kill 4 Players Forward
Center Wing Time % Phy DF OF
1 Brock McGinn Anthony Richard 50 1 2 2
2 Sheldon Dries Walker Duehr 50 1 2 2
Penalty Kill 4 Players Defense
Defense Defense Time % Phy DF OF
1 Johnathan Kovacevic Tyson Barrie 50 1 2 2
2 Robert Hagg Maxwell Crozier 50 1 2 2
Penalty Kill - 3 Players Forward
Forward Time % Phy DF OF
1 Brock McGinn 50 1 2 2
2 Anthony Richard 50 1 2 2
Penalty Kill - 3 Players Defense
Defense Defense Time % Phy DF OF
1 Johnathan Kovacevic Tyson Barrie 50 1 2 2
2 Robert Hagg Maxwell Crozier 50 1 2 2
4 vs 4 Forward
Center Wing Time % Phy DF OF
1 Brock McGinn Anthony Richard 50 1 2 2
2 Sheldon Dries Walker Duehr 50 1 2 2
4 vs 4 Defense
Defense Defense Time % Phy DF OF
1 Johnathan Kovacevic Tyson Barrie 50 1 2 2
2 Robert Hagg Maxwell Crozier 50 1 2 2
Last Minutes Offensive
Center Left Wing Right Wing Defense Defense
Anthony Richard Brock McGinn Sheldon Dries Johnathan Kovacevic Tyson Barrie
Last Minutes Defensive
Center Left Wing Right Wing Defense Defense
Anthony Richard Brock McGinn Sheldon Dries Johnathan Kovacevic Tyson Barrie
Goaltenders
Starting : Hunter Shepard
Backup : Kaapo Kahkonen
Extra Forwards
Normal : Tanner Dickinson, Gage Goncalves, Owen Sillinger - PP : Tanner Dickinson, Gage Goncalves - PK : Owen Sillinger
Extra Defensemen
Normal : Maksymilian Szuber, Topias Vilen, Robert Hagg - PP : Maksymilian Szuber - PK : Topias Vilen, Robert Hagg
Penalty Shots
Brock McGinn, Anthony Richard, Sheldon Dries, Walker Duehr, Steven Lorentz
Scratches
Samuel Knazko (Healthy), Jack Matier (Healthy), Lleyton Moore (Healthy), Chase Wheatcroft (Healthy), Corson Ceulemans (Healthy)
Trevor Kuntar (Healthy), Hunter Drew (Healthy), Magnus Chrona (Healthy), Georgi Romanov (Healthy), Kevin Mandolese (Healthy)
Arturs Silovs (Healthy)
Quebec Remparts
5 vs 5 Forward
Center Left Wing Right Wing Time % Phy DF OF
1 Thomas Bordeleau Zach Benson Paul Cotter 30 1 2 2
2 Kevin Rooney Joshua Roy Adam Edstrom 30 1 2 2
3 Hendrix Lapierre Rasmus Kupari Jakub Demek 25 1 2 2
4 Ivan Ivan Thomas Bordeleau Avery Hayes 15 1 2 2
5 vs 5 Defense
Defense Defense Time % Phy DF OF
1 Jordan Spence Brandt Clarke 30 1 2 2
2 Ryan Shea Ethan Del Mastro 30 1 2 2
3 Dysin Mayo Ethan Samson 25 1 2 2
4 Jordan Spence Brandt Clarke 15 1 2 2
PowerPlay Forward
Center Left Wing Right Wing Time % Phy DF OF
1 Thomas Bordeleau Zach Benson Paul Cotter 50 1 2 2
2 Kevin Rooney Joshua Roy Adam Edstrom 50 1 2 2
PowerPlay Defense
Defense Defense Time % Phy DF OF
1 Jordan Spence Brandt Clarke 50 1 2 2
2 Ryan Shea Ethan Del Mastro 50 1 2 2
Penalty Kill 4 Players Forward
Center Wing Time % Phy DF OF
1 Thomas Bordeleau Zach Benson 50 1 2 2
2 Paul Cotter Kevin Rooney 50 1 2 2
Penalty Kill 4 Players Defense
Defense Defense Time % Phy DF OF
1 Jordan Spence Brandt Clarke 50 1 2 2
2 Ryan Shea Ethan Del Mastro 50 1 2 2
Penalty Kill - 3 Players Forward
Forward Time % Phy DF OF
1 Thomas Bordeleau 50 1 2 2
2 Zach Benson 50 1 2 2
Penalty Kill - 3 Players Defense
Defense Defense Time % Phy DF OF
1 Jordan Spence Brandt Clarke 50 1 2 2
2 Ryan Shea Ethan Del Mastro 50 1 2 2
4 vs 4 Forward
Center Wing Time % Phy DF OF
1 Thomas Bordeleau Zach Benson 50 1 2 2
2 Paul Cotter Kevin Rooney 50 1 2 2
4 vs 4 Defense
Defense Defense Time % Phy DF OF
1 Jordan Spence Brandt Clarke 50 1 2 2
2 Ryan Shea Ethan Del Mastro 50 1 2 2
Last Minutes Offensive
Center Left Wing Right Wing Defense Defense
Thomas Bordeleau Zach Benson Paul Cotter Jordan Spence Brandt Clarke
Last Minutes Defensive
Center Left Wing Right Wing Defense Defense
Thomas Bordeleau Zach Benson Paul Cotter Jordan Spence Brandt Clarke
Goaltenders
Starting : Devon Levi
Backup : Felix Sandstrom
Extra Forwards
Normal : Jared Davidson, Hendrix Lapierre, Ivan Ivan - PP : Jared Davidson, Hendrix Lapierre - PK : Ivan Ivan
Extra Defensemen
Normal : Dysin Mayo, Ethan Samson, Ryan Shea - PP : Dysin Mayo - PK : Ethan Samson, Ryan Shea
Penalty Shots
Thomas Bordeleau, Zach Benson, Paul Cotter, Kevin Rooney, Hendrix Lapierre
Scratches
Marc Staal (Healthy), Maximus Wanner (Healthy), Carson Golder (Healthy), Gavin White (Healthy), Jamieson Rees (Healthy)
Keith Kinkaid (Healthy)
% Time on Ice - Tucson Roadrunners
Lines # - Real PCT - Wanted PCT - Time Play
Normal Forward
1 - 27% - 30% - 12:23
2 - 28% - 30% - 12:45
3 - 32% - 25% - 14:32
4 - 13% - 15% - 5:45
Normal Defense
1 - 29% - 30% - 13:00
2 - 33% - 30% - 14:58
3 - 27% - 25% - 12:25
4 - 11% - 15% - 5:02
PP Forward
1 - 52% - 50% - 5:27
2 - 48% - 50% - 5:06
PP Defense
1 - 51% - 50% - 5:23
2 - 49% - 50% - 5:10
PK Forward
1 - 50% - 50% - 2:00
2 - 50% - 50% - 2:02
PK Defense
1 - 50% - 50% - 2:00
2 - 50% - 50% - 2:02
PK3 Forward
1 - 0% - 50%
2 - 0% - 50%
PK3 Defense
1 - 0% - 50%
2 - 0% - 50%
44 Forward
1 - 0% - 50%
2 - 0% - 50%
44 Defense
1 - 0% - 50%
2 - 0% - 50%
Last Minute Offensive - 0:00
Last Minute Defensive - 0:00
Total
Forward - 60:00
Defense - 60:00
|
% Time on Ice - Quebec Remparts
Lines # - Real PCT - Wanted PCT - Time Play
Normal Forward
1 - 26% - 30% - 11:41
2 - 31% - 30% - 14:06
3 - 28% - 25% - 12:36
4 - 15% - 15% - 7:02
Normal Defense
1 - 31% - 30% - 14:14
2 - 31% - 30% - 14:13
3 - 26% - 25% - 12:00
4 - 11% - 15% - 4:58
PP Forward
1 - 50% - 50% - 2:00
2 - 50% - 50% - 2:02
PP Defense
1 - 46% - 50% - 1:52
2 - 54% - 50% - 2:10
PK Forward
1 - 50% - 50% - 5:15
2 - 50% - 50% - 5:18
PK Defense
1 - 48% - 50% - 5:06
2 - 52% - 50% - 5:27
PK3 Forward
1 - 0% - 50%
2 - 0% - 50%
PK3 Defense
1 - 0% - 50%
2 - 0% - 50%
44 Forward
1 - 0% - 50%
2 - 0% - 50%
44 Defense
1 - 0% - 50%
2 - 0% - 50%
Last Minute Offensive - 0:00
Last Minute Defensive - 0:00
Total
Forward - 60:00
Defense - 60:00
|
Play-by-Play
1st period
0:01 of 1st period - Paul Cotter wins face-off versus Anthony Richard in neutral zone.
0:06 of 1st period - Brock McGinn is hit by Paul Cotter and loses puck.
0:27 of 1st period - Brandt Clarke is hit by Mike Hardman.
0:55 of 1st period - Snap shot by Gage Goncalves.
0:55 of 1st period - Deflect By Owen Sillinger.
0:55 of 1st period - Stopped by Devon Levi without a rebound.
0:56 of 1st period - Ivan Ivan wins face-off versus Zach Dean in Quebec Remparts zone.
0:56 of 1st period - Ivan Ivan is hit by Robert Hagg.
1:18 of 1st period - Minor Penalty to Dysin Mayo for Hooking.
1:19 of 1st period - Anthony Richard wins face-off versus Thomas Bordeleau in Quebec Remparts zone.
1:26 of 1st period - Wrist shot by Brock McGinn.
1:26 of 1st period - Stopped by Devon Levi with a rebound.
1:28 of 1st period - Slapshot by Tyson Barrie.
1:28 of 1st period - Deflect By Brandt Clarke.
1:28 of 1st period - Stopped by Devon Levi with a rebound.
1:30 of 1st period - Snap shot by Johnathan Kovacevic.
1:30 of 1st period - Shot Blocked by Zach Benson.
3:18 of 1st period - Penalty to Dysin Mayo is over, Dysin Mayo is back on ice.
3:55 of 1st period - Slapshot by Gage Goncalves.
3:55 of 1st period - Deflect By Hendrix Lapierre.
3:55 of 1st period - Stopped by Devon Levi with a rebound.
4:03 of 1st period - Snap shot by Hendrix Lapierre.
4:03 of 1st period - Stopped by Hunter Shepard with a rebound.
4:05 of 1st period - Snap shot by Hendrix Lapierre.
4:05 of 1st period - Shot Misses the Net.
4:07 of 1st period - Snap shot by Hendrix Lapierre.
4:07 of 1st period - Shot Blocked by Robert Hagg.
4:09 of 1st period - Slapshot by Dysin Mayo.
4:09 of 1st period - Stopped by Hunter Shepard with a rebound.
4:11 of 1st period - Wrist shot by Rasmus Kupari.
4:11 of 1st period - Shot Blocked by Ben Jones.
4:19 of 1st period - Hendrix Lapierre is hit by Maxwell Crozier and loses puck.
4:33 of 1st period - Wrist shot by Ben Jones.
4:33 of 1st period - Stopped by Devon Levi with a rebound.
4:41 of 1st period - Backhand shot by Rasmus Kupari.
4:41 of 1st period - Deflect By Hendrix Lapierre.
4:41 of 1st period - Stopped by Hunter Shepard with a rebound.
5:15 of 1st period - Wrist shot by Rasmus Kupari.
5:15 of 1st period - Stopped by Hunter Shepard with a rebound.
5:17 of 1st period - Slapshot by Dysin Mayo.
5:17 of 1st period - Shot Blocked by Maxwell Crozier.
5:29 of 1st period - Wrist shot by Rasmus Kupari.
5:29 of 1st period - Stopped by Hunter Shepard without a rebound.
5:30 of 1st period - Anthony Richard wins face-off versus Thomas Bordeleau in Tucson Roadrunners zone.
5:57 of 1st period - Kevin Rooney is hit by Walker Duehr.
6:23 of 1st period - Johnathan Kovacevic is hit by Jordan Spence and loses puck.
7:12 of 1st period - Icing by Joshua Roy.
7:13 of 1st period - Zach Dean wins face-off versus Kevin Rooney in Quebec Remparts zone.
7:14 of 1st period - Snap shot by Brock McGinn.
7:14 of 1st period - Shot Misses the Net.
7:16 of 1st period - Snap shot by Johnathan Kovacevic.
7:16 of 1st period - Stopped by Devon Levi with a rebound.
7:18 of 1st period - Slapshot by Tyson Barrie.
7:18 of 1st period - Shot Blocked by Ethan Del Mastro.
7:30 of 1st period - Mike Hardman is hit by Paul Cotter and loses puck.
8:19 of 1st period - Mike Hardman is hit by Jordan Spence and loses puck.
9:49 of 1st period - Wrist shot by Zach Dean.
9:49 of 1st period - Shot Blocked by Rasmus Kupari.
10:39 of 1st period - Ethan Del Mastro is hit by Steven Lorentz and loses puck.
11:43 of 1st period - Ethan Samson is hit by Zach Dean and loses puck.
11:56 of 1st period - Gage Goncalves is hit by Hendrix Lapierre.
12:05 of 1st period - Minor Penalty to Brandt Clarke for Hooking.
12:06 of 1st period - Walker Duehr wins face-off versus Paul Cotter in Quebec Remparts zone.
12:17 of 1st period - Off-side.
12:18 of 1st period - Thomas Bordeleau wins face-off versus Steven Lorentz in neutral zone.
12:21 of 1st period - Snap shot by Thomas Bordeleau.
12:21 of 1st period - Stopped by Hunter Shepard with a rebound.
12:23 of 1st period - Slapshot by Ryan Shea.
12:23 of 1st period - Stopped by Hunter Shepard with a rebound.
12:25 of 1st period - Snap shot by Thomas Bordeleau.
12:25 of 1st period - Deflect By Zach Benson.
12:25 of 1st period - Stopped by Hunter Shepard with a rebound.
12:27 of 1st period - Wrist shot by Thomas Bordeleau.
12:27 of 1st period - Stopped by Hunter Shepard with a rebound.
12:35 of 1st period - Zach Benson is hit by Steven Lorentz and loses puck.
12:50 of 1st period - Slapshot by Walker Duehr.
12:50 of 1st period - Shot Misses the Net.
13:14 of 1st period - Snap shot by Mike Hardman.
13:14 of 1st period - Stopped by Devon Levi without a rebound.
13:15 of 1st period - Anthony Richard wins face-off versus Paul Cotter in Quebec Remparts zone.
13:40 of 1st period - Icing by Anthony Richard.
13:41 of 1st period - Anthony Richard wins face-off versus Paul Cotter in Tucson Roadrunners zone.
14:05 of 1st period - Penalty to Brandt Clarke is over, Brandt Clarke is back on ice.
14:12 of 1st period - Johnathan Kovacevic is hit by Rasmus Kupari and loses puck.
14:35 of 1st period - Backhand shot by Brock McGinn.
14:35 of 1st period - Deflect By Joshua Roy.
14:35 of 1st period - Stopped by Devon Levi with a rebound.
14:37 of 1st period - Snap shot by Anthony Richard.
14:37 of 1st period - Shot Misses the Net.
14:39 of 1st period - Slapshot by Tyson Barrie.
14:39 of 1st period - Shot Blocked by Brandt Clarke.
14:43 of 1st period - Snap shot by Brock McGinn.
14:43 of 1st period - Stopped by Devon Levi with a rebound.
14:45 of 1st period - Snap shot by Sheldon Dries.
14:45 of 1st period - Shot Misses the Net.
14:47 of 1st period - Slapshot by Johnathan Kovacevic.
14:47 of 1st period - Deflect By Brock McGinn.
14:47 of 1st period - Shot Misses the Net.
14:47 of 1st period - Puck is out of play.
14:48 of 1st period - Mike Hardman wins face-off versus Thomas Bordeleau in Quebec Remparts zone.
14:49 of 1st period - Snap shot by Walker Duehr.
14:49 of 1st period - Shot Misses the Net.
14:57 of 1st period - Snap shot by Paul Cotter.
14:57 of 1st period - Stopped by Hunter Shepard with a rebound.
14:59 of 1st period - Wrist shot by Paul Cotter.
14:59 of 1st period - Stopped by Hunter Shepard with a rebound.
15:01 of 1st period - Slapshot by Ryan Shea.
15:01 of 1st period - Shot Misses the Net.
15:03 of 1st period - Wrist shot by Paul Cotter.
15:03 of 1st period - Shot Misses the Net.
18:14 of 1st period - Snap shot by Hendrix Lapierre.
18:14 of 1st period - Deflect By Gage Goncalves.
18:14 of 1st period - Stopped by Hunter Shepard with a rebound.
18:16 of 1st period - Slapshot by Brandt Clarke.
18:16 of 1st period - Deflect By Ben Jones.
18:16 of 1st period - Stopped by Hunter Shepard with a rebound.
18:18 of 1st period - Wrist shot by Hendrix Lapierre.
18:18 of 1st period - Shot Blocked by Maksymilian Szuber.
18:34 of 1st period - Wrist shot by Ivan Ivan.
18:34 of 1st period - Shot Misses the Net.
18:52 of 1st period - Owen Sillinger is hit by Zach Benson and loses puck.
19:05 of 1st period - Slapshot by Steven Lorentz.
19:05 of 1st period - Shot Blocked by Brandt Clarke.
19:07 of 1st period - Wrist shot by Steven Lorentz.
19:07 of 1st period - Stopped by Devon Levi without a rebound.
19:08 of 1st period - Hendrix Lapierre wins face-off versus Walker Duehr in Quebec Remparts zone.
19:17 of 1st period - Snap shot by Hendrix Lapierre.
19:17 of 1st period - Shot Blocked by Tyson Barrie.
19:19 of 1st period - Snap shot by Rasmus Kupari.
19:19 of 1st period - Stopped by Hunter Shepard without a rebound.
19:20 of 1st period - Kevin Rooney wins face-off versus Anthony Richard in Tucson Roadrunners zone.
19:21 of 1st period - Slapshot by Joshua Roy.
19:21 of 1st period - Shot Misses the Net.
19:50 of 1st period - Slapshot by Steven Lorentz.
19:50 of 1st period - Goal by Steven Lorentz - Tucson Roadrunners : 1 - Quebec Remparts : 0.
19:51 of 1st period - Anthony Richard wins face-off versus Thomas Bordeleau in neutral zone.
Goals for this period are 1 for Tucson Roadrunners vs 0 for Quebec Remparts.
Shots for this period are 11 for Tucson Roadrunners vs 14 for Quebec Remparts.
2nd period
0:01 of 2nd period - Paul Cotter wins face-off versus Brock McGinn in neutral zone.
0:26 of 2nd period - Steven Lorentz is hit by Kevin Rooney and loses puck.
0:37 of 2nd period - Snap shot by Kevin Rooney.
0:37 of 2nd period - Deflect By Adam Edstrom.
0:37 of 2nd period - Stopped by Hunter Shepard without a rebound.
0:38 of 2nd period - Anthony Richard wins face-off versus Thomas Bordeleau in Tucson Roadrunners zone.
1:08 of 2nd period - Wrist shot by Joshua Roy.
1:08 of 2nd period - Shot Misses the Net.
1:10 of 2nd period - Slapshot by Ryan Shea.
1:10 of 2nd period - Shot Misses the Net.
1:12 of 2nd period - Wrist shot by Kevin Rooney.
1:12 of 2nd period - Shot Misses the Net.
1:14 of 2nd period - Snap shot by Kevin Rooney.
1:14 of 2nd period - Shot Misses the Net.
1:24 of 2nd period - Owen Sillinger is hit by Rasmus Kupari and loses puck.
1:45 of 2nd period - Johnathan Kovacevic is hit by Thomas Bordeleau.
2:05 of 2nd period - Snap shot by Kevin Rooney.
2:05 of 2nd period - Stopped by Hunter Shepard without a rebound.
2:06 of 2nd period - Anthony Richard wins face-off versus Adam Edstrom in Tucson Roadrunners zone.
2:06 of 2nd period - Anthony Richard is hit by Adam Edstrom.
3:19 of 2nd period - Maxwell Crozier is hit by Thomas Bordeleau and loses puck.
3:36 of 2nd period - Rasmus Kupari is hit by Robert Hagg and loses puck.
4:18 of 2nd period - Icing by Ethan Del Mastro.
4:19 of 2nd period - Steven Lorentz wins face-off versus Ivan Ivan in Quebec Remparts zone.
4:20 of 2nd period - Snap shot by Walker Duehr.
4:20 of 2nd period - Shot Misses the Net.
4:22 of 2nd period - Slapshot by Maksymilian Szuber.
4:22 of 2nd period - Stopped by Devon Levi with a rebound.
4:24 of 2nd period - Snap shot by Walker Duehr.
4:24 of 2nd period - Shot Hit the Post.
4:26 of 2nd period - Wrist shot by Walker Duehr.
4:26 of 2nd period - Goal by Walker Duehr - Tucson Roadrunners : 2 - Quebec Remparts : 0.
4:27 of 2nd period - Kevin Rooney wins face-off versus Anthony Richard in neutral zone.
4:40 of 2nd period - Slapshot by Jordan Spence.
4:40 of 2nd period - Stopped by Hunter Shepard with a rebound.
4:52 of 2nd period - Jordan Spence is hit by Johnathan Kovacevic and loses puck.
5:01 of 2nd period - Snap shot by Steven Lorentz.
5:01 of 2nd period - Shot Blocked by Jordan Spence.
5:23 of 2nd period - Snap shot by Hendrix Lapierre.
5:23 of 2nd period - Stopped by Hunter Shepard without a rebound.
5:24 of 2nd period - Kevin Rooney wins face-off versus Anthony Richard in Tucson Roadrunners zone.
6:52 of 2nd period - Slapshot by Jordan Spence.
6:52 of 2nd period - Shot Blocked by Sheldon Dries.
6:56 of 2nd period - Wrist shot by Avery Hayes.
6:56 of 2nd period - Shot Hit the Post.
7:40 of 2nd period - Minor Penalty to Brandt Clarke for Interference.
7:41 of 2nd period - Paul Cotter wins face-off versus Walker Duehr in Quebec Remparts zone.
8:13 of 2nd period - Slapshot by Jordan Spence.
8:13 of 2nd period - Stopped by Hunter Shepard with a rebound.
8:49 of 2nd period - Icing by Robert Hagg.
8:50 of 2nd period - Thomas Bordeleau wins face-off versus Anthony Richard in Tucson Roadrunners zone.
9:40 of 2nd period - Penalty to Brandt Clarke is over, Brandt Clarke is back on ice.
10:22 of 2nd period - Snap shot by Paul Cotter.
10:22 of 2nd period - Stopped by Hunter Shepard with a rebound.
10:24 of 2nd period - Slapshot by Ethan Samson.
10:24 of 2nd period - Shot Misses the Net.
10:32 of 2nd period - Wrist shot by Brandt Clarke.
10:32 of 2nd period - Shot Misses the Net.
10:34 of 2nd period - Wrist shot by Jordan Spence.
10:34 of 2nd period - Shot Misses the Net.
10:36 of 2nd period - Snap shot by Jordan Spence.
10:36 of 2nd period - Shot Misses the Net.
10:48 of 2nd period - Snap shot by Ben Jones.
10:48 of 2nd period - Stopped by Devon Levi with a rebound.
11:00 of 2nd period - Backhand shot by Paul Cotter.
11:00 of 2nd period - Shot Misses the Net.
11:02 of 2nd period - Wrist shot by Paul Cotter.
11:02 of 2nd period - Deflect By Kevin Rooney.
11:02 of 2nd period - Goal by Kevin Rooney - Tucson Roadrunners : 2 - Quebec Remparts : 1.
11:03 of 2nd period - Hendrix Lapierre wins face-off versus Walker Duehr in neutral zone.
11:08 of 2nd period - Snap shot by Ryan Shea.
11:08 of 2nd period - Stopped by Hunter Shepard with a rebound.
11:15 of 2nd period - Icing by Mike Hardman.
11:16 of 2nd period - Hendrix Lapierre wins face-off versus Walker Duehr in Tucson Roadrunners zone.
11:17 of 2nd period - Snap shot by Rasmus Kupari.
11:17 of 2nd period - Shot Blocked by Steven Lorentz.
11:29 of 2nd period - Rasmus Kupari is hit by Mike Hardman and loses puck.
11:45 of 2nd period - Off-side.
11:46 of 2nd period - Ivan Ivan wins face-off versus Anthony Richard in neutral zone.
11:49 of 2nd period - Snap shot by Ryan Shea.
11:49 of 2nd period - Deflect By Sheldon Dries.
11:49 of 2nd period - Stopped by Hunter Shepard without a rebound.
11:50 of 2nd period - Ivan Ivan wins face-off versus Anthony Richard in Tucson Roadrunners zone.
11:51 of 2nd period - Snap shot by Thomas Bordeleau.
11:51 of 2nd period - Stopped by Hunter Shepard with a rebound.
11:59 of 2nd period - Snap shot by Thomas Bordeleau.
11:59 of 2nd period - Stopped by Hunter Shepard with a rebound.
12:04 of 2nd period - Minor Penalty to Thomas Bordeleau for Cross-checking.
12:05 of 2nd period - Paul Cotter wins face-off versus Walker Duehr in Quebec Remparts zone.
12:42 of 2nd period - Slapshot by Tyson Barrie.
12:42 of 2nd period - Goal by Tyson Barrie - Tucson Roadrunners : 3 - Quebec Remparts : 1.
12:43 of 2nd period - Zach Benson wins face-off versus Anthony Richard in neutral zone.
12:46 of 2nd period - Brock McGinn is hit by Jordan Spence and loses puck.
12:55 of 2nd period - Wrist shot by Anthony Richard.
12:55 of 2nd period - Stopped by Devon Levi with a rebound.
12:57 of 2nd period - Wrist shot by Brock McGinn.
12:57 of 2nd period - Stopped by Devon Levi with a rebound.
12:59 of 2nd period - Snap shot by Brock McGinn.
12:59 of 2nd period - Shot Misses the Net.
13:09 of 2nd period - Steven Lorentz is hit by Adam Edstrom and loses puck.
13:16 of 2nd period - Snap shot by Johnathan Kovacevic.
13:16 of 2nd period - Stopped by Devon Levi with a rebound.
13:18 of 2nd period - Wrist shot by Walker Duehr.
13:18 of 2nd period - Stopped by Devon Levi with a rebound.
14:15 of 2nd period - Snap shot by Thomas Bordeleau.
14:15 of 2nd period - Shot Misses the Net.
14:17 of 2nd period - Slapshot by Ethan Del Mastro.
14:17 of 2nd period - Stopped by Hunter Shepard without a rebound.
14:18 of 2nd period - Kevin Rooney wins face-off versus Gage Goncalves in Tucson Roadrunners zone.
14:25 of 2nd period - Wrist shot by Kevin Rooney.
14:25 of 2nd period - Stopped by Hunter Shepard without a rebound.
14:26 of 2nd period - Kevin Rooney wins face-off versus Gage Goncalves in Tucson Roadrunners zone.
14:30 of 2nd period - Minor Penalty to Tyson Barrie for Tripping.
14:31 of 2nd period - Brock McGinn wins face-off versus Thomas Bordeleau in Tucson Roadrunners zone.
14:57 of 2nd period - Kevin Rooney is hit by Sheldon Dries and loses puck.
15:28 of 2nd period - Robert Hagg is hit by Zach Benson and loses puck.
15:42 of 2nd period - Icing by Adam Edstrom.
15:43 of 2nd period - Kevin Rooney wins face-off versus Brock McGinn in Quebec Remparts zone.
15:43 of 2nd period - Kevin Rooney is hit by Topias Vilen.
16:30 of 2nd period - Penalty to Tyson Barrie is over, Tyson Barrie is back on ice.
16:40 of 2nd period - Snap shot by Tyson Barrie.
16:40 of 2nd period - Stopped by Devon Levi without a rebound.
16:41 of 2nd period - Hendrix Lapierre wins face-off versus Gage Goncalves in Quebec Remparts zone.
16:48 of 2nd period - Wrist shot by Hendrix Lapierre.
16:48 of 2nd period - Stopped by Hunter Shepard without a rebound.
16:49 of 2nd period - Thomas Bordeleau wins face-off versus Gage Goncalves in Tucson Roadrunners zone.
16:50 of 2nd period - Snap shot by Paul Cotter.
16:50 of 2nd period - Shot Misses the Net.
17:04 of 2nd period - Off-side.
17:05 of 2nd period - Kevin Rooney wins face-off versus Anthony Richard in neutral zone.
17:10 of 2nd period - Slapshot by Jordan Spence.
17:10 of 2nd period - Shot Misses the Net.
17:30 of 2nd period - Steven Lorentz is hit by Brandt Clarke and loses puck.
17:47 of 2nd period - Minor Penalty to Steven Lorentz for Hooking.
17:48 of 2nd period - Kevin Rooney wins face-off versus Sheldon Dries in Tucson Roadrunners zone.
17:51 of 2nd period - Slapshot by Joshua Roy.
17:51 of 2nd period - Goal by Joshua Roy - Tucson Roadrunners : 3 - Quebec Remparts : 2.
17:52 of 2nd period - Thomas Bordeleau wins face-off versus Anthony Richard in neutral zone.
18:01 of 2nd period - Slapshot by Zach Benson.
18:01 of 2nd period - Deflect By Thomas Bordeleau.
18:01 of 2nd period - Shot Blocked by Anthony Richard.
18:01 of 2nd period - Puck is out of play.
18:02 of 2nd period - Thomas Bordeleau wins face-off versus Anthony Richard in Tucson Roadrunners zone.
18:09 of 2nd period - Slapshot by Anthony Richard.
18:09 of 2nd period - Shot Blocked by Jordan Spence.
18:23 of 2nd period - Sheldon Dries is hit by Paul Cotter and loses puck.
18:42 of 2nd period - Snap shot by Paul Cotter.
18:42 of 2nd period - Stopped by Hunter Shepard with a rebound.
18:44 of 2nd period - Wrist shot by Thomas Bordeleau.
18:44 of 2nd period - Shot Misses the Net.
18:46 of 2nd period - Snap shot by Paul Cotter.
18:46 of 2nd period - Deflect By Thomas Bordeleau.
18:46 of 2nd period - Shot Blocked by Tyson Barrie.
18:46 of 2nd period - Puck is out of play.
18:47 of 2nd period - Walker Duehr wins face-off versus Kevin Rooney in Tucson Roadrunners zone.
18:51 of 2nd period - Icing by Mike Hardman.
18:52 of 2nd period - Kevin Rooney wins face-off versus Walker Duehr in Tucson Roadrunners zone.
18:54 of 2nd period - Minor Penalty to Ethan Del Mastro for Hooking.
18:55 of 2nd period - Anthony Richard wins face-off versus Paul Cotter in Quebec Remparts zone.
18:55 of 2nd period - Snap shot by Sheldon Dries.
18:55 of 2nd period - Shot Misses the Net.
18:57 of 2nd period - Slapshot by Robert Hagg.
18:57 of 2nd period - Shot Blocked by Brandt Clarke.
18:59 of 2nd period - Wrist shot by Sheldon Dries.
18:59 of 2nd period - Shot Blocked by Brandt Clarke.
19:01 of 2nd period - Snap shot by Sheldon Dries.
19:01 of 2nd period - Shot Misses the Net.
19:03 of 2nd period - Wrist shot by Anthony Richard.
19:03 of 2nd period - Shot Misses the Net.
19:05 of 2nd period - Snap shot by Maxwell Crozier.
19:05 of 2nd period - Deflect By Jordan Spence.
19:05 of 2nd period - Stopped by Devon Levi with a rebound.
19:07 of 2nd period - Slapshot by Maxwell Crozier.
19:07 of 2nd period - Stopped by Devon Levi without a rebound.
19:08 of 2nd period - Anthony Richard wins face-off versus Thomas Bordeleau in Quebec Remparts zone.
Goals for this period are 2 for Tucson Roadrunners vs 2 for Quebec Remparts.
Shots for this period are 11 for Tucson Roadrunners vs 16 for Quebec Remparts.
3rd period
0:01 of 3rd period - Thomas Bordeleau wins face-off versus Anthony Richard in neutral zone.
0:54 of 3rd period - Penalty to Ethan Del Mastro is over, Ethan Del Mastro is back on ice.
1:01 of 3rd period - Snap shot by Hendrix Lapierre.
1:01 of 3rd period - Shot Misses the Net.
1:03 of 3rd period - Wrist shot by Jakub Demek.
1:03 of 3rd period - Stopped by Hunter Shepard with a rebound.
1:05 of 3rd period - Snap shot by Rasmus Kupari.
1:05 of 3rd period - Shot Misses the Net.
1:07 of 3rd period - Slapshot by Jordan Spence.
1:07 of 3rd period - Deflect By Rasmus Kupari.
1:07 of 3rd period - Shot Misses the Net.
1:07 of 3rd period - Puck is out of play.
1:08 of 3rd period - Gage Goncalves wins face-off versus Kevin Rooney in Tucson Roadrunners zone.
1:10 of 3rd period - Minor Penalty to Owen Sillinger for Tripping.
1:11 of 3rd period - Kevin Rooney wins face-off versus Sheldon Dries in Tucson Roadrunners zone.
1:15 of 3rd period - Wrist shot by Kevin Rooney.
1:15 of 3rd period - Stopped by Hunter Shepard with a rebound.
1:24 of 3rd period - Off-side.
1:25 of 3rd period - Brock McGinn wins face-off versus Thomas Bordeleau in neutral zone.
3:10 of 3rd period - Penalty to Owen Sillinger is over, Owen Sillinger is back on ice.
3:23 of 3rd period - Wrist shot by Ben Jones.
3:23 of 3rd period - Stopped by Devon Levi without a rebound.
3:24 of 3rd period - Hendrix Lapierre wins face-off versus Gage Goncalves in Quebec Remparts zone.
3:24 of 3rd period - Hendrix Lapierre is hit by Ben Jones.
3:50 of 3rd period - Topias Vilen is hit by Ivan Ivan and loses puck.
4:13 of 3rd period - Wrist shot by Walker Duehr.
4:13 of 3rd period - Stopped by Devon Levi without a rebound.
4:14 of 3rd period - Hendrix Lapierre wins face-off versus Walker Duehr in Quebec Remparts zone.
4:23 of 3rd period - Ethan Del Mastro is hit by Tyson Barrie and loses puck.
4:30 of 3rd period - Wrist shot by Steven Lorentz.
4:30 of 3rd period - Shot Misses the Net.
4:32 of 3rd period - Slapshot by Tyson Barrie.
4:32 of 3rd period - Deflect By Walker Duehr.
4:32 of 3rd period - Stopped by Devon Levi with a rebound.
4:34 of 3rd period - Slapshot by Steven Lorentz.
4:34 of 3rd period - Stopped by Devon Levi with a rebound.
4:36 of 3rd period - Slapshot by Mike Hardman.
4:36 of 3rd period - Stopped by Devon Levi without a rebound.
4:37 of 3rd period - Anthony Richard wins face-off versus Thomas Bordeleau in Quebec Remparts zone.
4:52 of 3rd period - Wrist shot by Sheldon Dries.
4:52 of 3rd period - Shot Misses the Net.
5:49 of 3rd period - Wrist shot by Paul Cotter.
5:49 of 3rd period - Shot Blocked by Brock McGinn.
6:26 of 3rd period - Rasmus Kupari is hit by Mike Hardman and loses puck.
6:55 of 3rd period - Ethan Samson is hit by Maksymilian Szuber and loses puck.
7:51 of 3rd period - Slapshot by Tyson Barrie.
7:51 of 3rd period - Shot Misses the Net.
7:53 of 3rd period - Wrist shot by Ondrej Pavel.
7:53 of 3rd period - Shot Misses the Net.
9:13 of 3rd period - Hendrix Lapierre is hit by Owen Sillinger and loses puck.
10:01 of 3rd period - Wrist shot by Ivan Ivan.
10:01 of 3rd period - Stopped by Hunter Shepard with a rebound.
10:05 of 3rd period - Wrist shot by Ivan Ivan.
10:05 of 3rd period - Shot Misses the Net.
10:22 of 3rd period - Snap shot by Owen Sillinger.
10:22 of 3rd period - Shot Misses the Net.
10:28 of 3rd period - Gage Goncalves is hit by Adam Edstrom and loses puck.
10:55 of 3rd period - Wrist shot by Zach Dean.
10:55 of 3rd period - Shot Misses the Net.
10:57 of 3rd period - Slapshot by Johnathan Kovacevic.
10:57 of 3rd period - Shot Blocked by Ryan Shea.
10:59 of 3rd period - Snap shot by Ondrej Pavel.
10:59 of 3rd period - Goal by Ondrej Pavel - Tucson Roadrunners : 4 - Quebec Remparts : 2.
11:00 of 3rd period - Anthony Richard wins face-off versus Kevin Rooney in neutral zone.
11:13 of 3rd period - Snap shot by Anthony Richard.
11:13 of 3rd period - Shot Blocked by Brandt Clarke.
11:15 of 3rd period - Snap shot by Brock McGinn.
11:15 of 3rd period - Goal by Brock McGinn - Tucson Roadrunners : 5 - Quebec Remparts : 2.
11:16 of 3rd period - Anthony Richard wins face-off versus Thomas Bordeleau in neutral zone.
11:23 of 3rd period - Slapshot by Tyson Barrie.
11:23 of 3rd period - Deflect By Sheldon Dries.
11:23 of 3rd period - Shot Blocked by Paul Cotter.
11:23 of 3rd period - Puck is out of play.
11:24 of 3rd period - Sheldon Dries wins face-off versus Thomas Bordeleau in Quebec Remparts zone.
11:33 of 3rd period - Slapshot by Tyson Barrie.
11:33 of 3rd period - Shot Misses the Net.
11:51 of 3rd period - Snap shot by Hendrix Lapierre.
11:51 of 3rd period - Shot Misses the Net.
12:01 of 3rd period - Wrist shot by Hendrix Lapierre.
12:01 of 3rd period - Shot Misses the Net.
12:21 of 3rd period - Wrist shot by Joshua Roy.
12:21 of 3rd period - Shot Misses the Net.
12:31 of 3rd period - Wrist shot by Johnathan Kovacevic.
12:31 of 3rd period - Stopped by Devon Levi with a rebound.
12:33 of 3rd period - Slapshot by Tyson Barrie.
12:33 of 3rd period - Stopped by Devon Levi without a rebound.
12:34 of 3rd period - Ben Jones wins face-off versus Ivan Ivan in Quebec Remparts zone.
13:01 of 3rd period - Mike Hardman is hit by Ethan Samson and loses puck.
13:42 of 3rd period - Snap shot by Thomas Bordeleau.
13:42 of 3rd period - Shot Misses the Net.
13:48 of 3rd period - Slapshot by Paul Cotter.
13:48 of 3rd period - Stopped by Hunter Shepard with a rebound.
14:00 of 3rd period - Joshua Roy is hit by Steven Lorentz.
14:24 of 3rd period - Snap shot by Rasmus Kupari.
14:24 of 3rd period - Shot Misses the Net.
14:30 of 3rd period - Ben Jones is hit by Rasmus Kupari and loses puck.
14:39 of 3rd period - Minor Penalty to Jakub Demek for Tripping.
14:40 of 3rd period - Anthony Richard wins face-off versus Paul Cotter in Quebec Remparts zone.
14:43 of 3rd period - Wrist shot by Brock McGinn.
14:43 of 3rd period - Shot Misses the Net.
14:45 of 3rd period - Slapshot by Tyson Barrie.
14:45 of 3rd period - Stopped by Devon Levi without a rebound.
14:46 of 3rd period - Anthony Richard wins face-off versus Paul Cotter in Quebec Remparts zone.
14:59 of 3rd period - Ethan Del Mastro is hit by Brock McGinn and loses puck.
15:21 of 3rd period - Slapshot by Johnathan Kovacevic.
15:21 of 3rd period - Shot Misses the Net.
15:23 of 3rd period - Snap shot by Sheldon Dries.
15:23 of 3rd period - Stopped by Devon Levi without a rebound.
15:24 of 3rd period - Thomas Bordeleau wins face-off versus Walker Duehr in Quebec Remparts zone.
16:39 of 3rd period - Penalty to Jakub Demek is over, Jakub Demek is back on ice.
16:53 of 3rd period - Wrist shot by Paul Cotter.
16:53 of 3rd period - Deflect By Kevin Rooney.
16:53 of 3rd period - Stopped by Hunter Shepard with a rebound.
16:55 of 3rd period - Slapshot by Kevin Rooney.
16:55 of 3rd period - Shot Misses the Net.
16:59 of 3rd period - Snap shot by Paul Cotter.
16:59 of 3rd period - Shot Misses the Net.
17:01 of 3rd period - Snap shot by Kevin Rooney.
17:01 of 3rd period - Stopped by Hunter Shepard without a rebound.
17:02 of 3rd period - Ivan Ivan wins face-off versus Zach Dean in Tucson Roadrunners zone.
17:03 of 3rd period - Snap shot by Thomas Bordeleau.
17:03 of 3rd period - Shot Misses the Net.
17:09 of 3rd period - Ivan Ivan is hit by Brock McGinn and loses puck.
17:24 of 3rd period - Wrist shot by Hendrix Lapierre.
17:24 of 3rd period - Deflect By Jakub Demek.
17:24 of 3rd period - Stopped by Hunter Shepard without a rebound.
17:25 of 3rd period - Hendrix Lapierre wins face-off versus Gage Goncalves in Tucson Roadrunners zone.
17:32 of 3rd period - Snap shot by Rasmus Kupari.
17:32 of 3rd period - Stopped by Hunter Shepard without a rebound.
17:33 of 3rd period - Hendrix Lapierre wins face-off versus Walker Duehr in Tucson Roadrunners zone.
17:45 of 3rd period - Icing by Robert Hagg.
17:46 of 3rd period - Thomas Bordeleau wins face-off versus Walker Duehr in Tucson Roadrunners zone.
17:57 of 3rd period - Snap shot by Walker Duehr.
17:57 of 3rd period - Shot Misses the Net.
17:59 of 3rd period - Wrist shot by Mike Hardman.
17:59 of 3rd period - Stopped by Devon Levi without a rebound.
18:00 of 3rd period - Thomas Bordeleau wins face-off versus Brock McGinn in Quebec Remparts zone.
18:32 of 3rd period - Wrist shot by Walker Duehr.
18:32 of 3rd period - Shot Hit the Post.
18:56 of 3rd period - Slapshot by Robert Hagg.
18:56 of 3rd period - Stopped by Devon Levi without a rebound.
18:57 of 3rd period - Kevin Rooney wins face-off versus Anthony Richard in Quebec Remparts zone.
19:06 of 3rd period - Snap shot by Adam Edstrom.
19:06 of 3rd period - Shot Blocked by Robert Hagg.
Goals for this period are 2 for Tucson Roadrunners vs 0 for Quebec Remparts.
Shots for this period are 13 for Tucson Roadrunners vs 8 for Quebec Remparts.
Back to the Top